 Dungeon Crawl Stone Soup version 0.31.0-9-g3a7656b989 (webtiles) character file.

Game seed: 14740957027647279877

43 qw the Shooter (level 3, -1/18 HPs)
             Began as a Spriggan Hunter on Feb 2, 2024.
             Slain by Jessica
             ... wielding a +2 dagger of speed
              (4 damage)
             ... on level 2 of the Dungeon.
             The game lasted 00:00:04 (1071 turns).

qw the Shooter (Spriggan Hunter)                    Turns: 1071, Time: 00:00:04

Health: -1/18      AC:  2    Str:  7    XL:     3   Next: 37%
Magic:  0/4        EV: 19    Int: 10    God:
Gold:   39         SH:  0    Dex: 20    Spells: 2/2 levels left

rFire   . . .        a - +1 shortbow
rCold   . . .        (shield currently unavailable)
rNeg    . . .        c - +0 robe
rPois   .            (helmet restricted)
rElec   .            (no cloak)
rCorr   .            (gloves unavailable)
SInv    +            (boots unavailable)
Will    .....        f - amulet of guardian spirit
Stlth   ++           (no ring)
HPRegen 0.23/turn    (no ring)
MPRegen 0.09/turn

%: guardian spirit
@: very quick
A: very small, no large weapons, unfitting armour, see invisible, speed 3
a: no special abilities


You were on level 2 of the Dungeon.
You visited 1 branch of the dungeon, and saw 2 of its levels.

You collected 39 gold pieces.


Innate Abilities, Weirdness & Mutations

You are very small and have problems with some larger weapons.
You are too small for most types of armour.
You have supernaturally acute eyesight. (SInv)
You cover ground extremely quickly. (Speed+++)


   Skills:
 - Level 1.5 Fighting
 + Level 4.7 Ranged Weapons
 - Level 4.0 Dodging
 - Level 1.5 Stealth


You had 2 spell levels left.
You didn't know any spells.
Your spell library was empty.

Inventory:

Hand Weapons
 a - a +1 shortbow (weapon)
Armour
 c - a +0 robe (worn)
Jewellery
 b - a +6 ring of strength
 f - an amulet of guardian spirit (around neck)
 g - an amulet of the acrobat
Scrolls
 d - a scroll of amnesia {unknown}
 h - a scroll of fear {unknown}
Potions
 e - a potion of curing {unknown}
 i - 2 potions of might {unknown}
 j - a potion of resistance {unknown}
 k - a potion of berserk rage {unknown}
 l - 2 potions of cancellation {unknown}

Dungeon Overview and Level Annotations

Branches:
Dungeon (2/15)

Altars:

Annotations:
D:2 Jessica


Message History

The ribbon worm is moderately wounded.
You shoot an arrow. The arrow hits the ribbon worm.
The ribbon worm is severely wounded.
You shoot an arrow.
The arrow hits the ribbon worm but does no damage.
The ribbon worm is heavily wounded.
You shoot an arrow.
The arrow barely misses the ribbon worm.
The ribbon worm bites you.
You shoot an arrow. The arrow hits the ribbon worm!
The ribbon worm is almost dead.
The ribbon worm misses you.
You shoot an arrow.
The arrow barely misses the ribbon worm.
The ribbon worm misses you.
You shoot an arrow. The arrow hits the ribbon worm.
You kill the ribbon worm!
You start resting.
Magic restored.
You start resting.
HP restored.
l - 2 clear potions You see here a ribbon worm corpse.
You open the door.
There is an open door here.
Things that are here:
a +0 club; a goblin corpse
There is an open door here.
Jessica the Apprentice Sorceress comes into view.
She is wielding a +2 dagger of speed.
You shoot an arrow. The arrow hits Jessica.
Jessica shouts!
Jessica is heavily wounded.
You shoot an arrow. The arrow closely misses Jessica.
Jessica hits you with a +2 dagger of speed.
You shoot an arrow. The arrow barely misses Jessica.
Jessica casts a spell at you. Pain shoots through your body!
Ouch! That really hurt!
Jessica hits you with a +2 dagger of speed.
You die...

...#####.###
####
.........######
..####........#
#...####.#
#.....# ..
#..##.# .#
#.#..##.# .#
.....##.##@#
#.#......@.#
......##.####
##.......#
.....#### ####


You could see Jessica.

Vanquished Creatures
  2 dart slugs (D:1)
  A ribbon worm (D:2)
  3 giant cockroaches
  3 goblins
  6 hobgoblins (D:1)
  7 jackals (D:1)
  A ball python (D:2)
  4 bats (D:1)
  3 kobolds
  3 rats (D:1)
33 creatures vanquished.

Notes
Turn   | Place    | Note
-------+----------+-------------------------------------------
     0 | D:1      | qw the Spriggan Hunter began the quest for the Orb.
     0 | D:1      | Reached XP level 1. HP: 10/10 MP: 2/2
     0 | D:1      | 0 ||| qw: Version: 0.3-a-155-g5e7d8dd
     0 | D:1      | 0 ||| qw: Game counter: 1966
     0 | D:1      | 0 ||| qw: Melee chars always use a shield: true
     0 | D:1      | 0 ||| qw: God list: Okawaru
     0 | D:1      | 0 ||| qw: Allow faded altars: false
     0 | D:1      | 0 ||| qw: Do Orc after clearing Dungeon:15 true
     0 | D:1      | 0 ||| qw: Do second Lair branch before Depths: true
     0 | D:1      | 0 ||| qw: Lair rune preference: random
     0 | D:1      | 0 ||| qw: Goals: Normal
     0 | D:1      | 0 ||| PLANNING D:1-11
   104 | D:1      | Reached skill level 3 in Dodging
   242 | D:1      | Reached XP level 2. HP: 14/14 MP: 3/3
   370 | D:1      | Found a faded altar of an unknown god.
   514 | D:1      | Reached XP level 3. HP: 18/18 MP: 4/4
   782 | D:1      | 782 ||| UPGRADING to amulet of guardian spirit.
   787 | D:1      | 787 ||| READING scroll labelled SIL HUEBBUR OLAOMO.
   788 | D:1      | 788 ||| READING scroll labelled AJIYHOL DOETT.
   789 | D:1      | 789 ||| READING scroll labelled KENUEHUA KIR XIO.
   793 | D:1      | 793 ||| READING scroll labelled JOGEILAGUB.
   793 | D:1      | 793 ||| ENCHANTING +0 shortbow.
   794 | D:1      | 794 ||| READING scroll labelled GUKODEMOAL.
   795 | D:1      | 795 ||| DROPPING scroll of butterflies.
  1068 | D:2      | Noticed Jessica
  1071 | D:2      | HP: 3/18 [Jessica/nerve-wracking pain (12)]
  1071 | D:2      | Slain by Jessica

Levels and vault maps discovered:
D:1:      erik_arrival_orb_chamber, layout_basic,
          shapermc_ecumenical_altar_mp_highgroup, grunt_decor_arrowhead
D:2:      minmay_evil_eye, layout_loops_corners, serial_shops,
          nicolae_shop_temple_entry_statues_fountains, uniq_crazy_yiuf_cottage,
          uniq_jessica

Skill      XL: |  1  2 |
---------------+-------+-----
Dodging        | 3 4 |  4.0
Fighting       | |  1.5
Ranged Weapons | |  4.7
Stealth        | |  1.5

Action                     || total
---------------------------++-------
   Fire: Shortbow          ||   119
    Use: Scroll            ||     5
 Armour: Robe              ||    14
  Dodge: Dodged            ||    45

Table legend:
 A = Non-vault XP
 B = Vault XP
 C = Vault XP percentage of total XP
 D = Non-vault monster count
 E = Vault monster count
 F = Vault count percentage of total count
                 A         B        C        D         E       F
            +---------+---------+-------+---------+---------+-------
      Total |      62 |       0 |   0.0 |      33 |       0 |   0.0
            +---------+---------+-------+---------+---------+-------
        D:1 |      51 |       0 |   0.0 |      27 |       0 |   0.0
        D:2 |      11 |       0 |   0.0 |       6 |       0 |   0.0
            +---------+---------+-------+---------+---------+-------
